 Dungeon Sprint DCSS version 0.26-a0-690-gcb57259078 (webtiles) character file.

Game seed: 9544113403010509640

25 sahdkjhfkaj the Conjurer (level 3, 0/21 HPs)
             Began as an Octopode Conjurer on Oct 24, 2020.
             Slain by a wolf (10 damage)
             ... in the Dungeon (Sprint III: "The Ten Rune Challenge").
             The game lasted 00:00:34 (190 turns).

sahdkjhfkaj the Conjurer (Octopode Conjurer)         Turns: 190, Time: 00:00:34

Health: 0/21       AC:  1    Str:  6    XL:     3   Next: 4%
Magic:  5/8        EV: 13    Int: 21    God:
Gold:   17         SH:  0    Dex: 10    Spells: 3/9 levels left

rFire    . . .     SeeInvis .   (no weapon)
rCold    . . .     Faith    .   (no shield)
rNeg     . . .     Spirit   .   (helmet restricted)
rPois    .         Reflect  .   (no amulet)
rElec    .         Harm     .   (no ring)
rCorr    .         Rampage  .   (no ring)
MR       .....     NoTele   +   (no ring)
Stlth    +++.......             (no ring)
HPRegen  0.07/turn              (no ring)
MPRegen  0.11/turn              (no ring)
                                (no ring)
                                (no ring)

@: no status effects
A: almost no armour, stealthy swim, amphibious, 8 rings, constrict 8, camouflage
1, gelatinous body 1
a: no special abilities


You were in the Dungeon.
You visited 1 branch You collected 17 gold pieces.

Inventory:

Scrolls
 g - a scroll of blinking
Potions
 b - a potion of curing {!q}
 c - a potion of heal wounds {!q}
 d - a potion of haste {!q}
 e - 2 potions of magic {!q}


   Skills:
 - Level 2.0 Dodging
 - Level 2.6 Stealth
 - Level 3.5 Spellcasting
 - Level 6.2 Conjurations
 + Level 0.0 Hexes


You had 3 spell levels left.
You knew the following spells:

 Your Spells              Type           Power        Failure   Level
a - Magic Dart            Conj           ####         1%          1
b - Searing Ray           Conj           ####..       1%          2
E - Dazzling Flash        Conj/Hex       ###...       11%         3

Your spell library contained the following spells:

 Spells                   Type           Power        Failure   Level
 Fulminant Prism          Conj/Hex       ###.......   34%         4
 Iskenderun's Mystic Bla  Conj/Tloc      ###.....     34%         4


Dungeon Overview and Level Annotations

Branches:
Dungeon (1/1)

Altars:


Innate Abilities, Weirdness & Mutations

You cannot wear most types of armour.
You are very stealthy in the water. (Stealth+)
You are amphibious.
You can wear up to eight rings at the same time.
You can use your tentacles to constrict eight enemies at once.
Your skin changes colour to match your surroundings (Stealth+).
Your rubbery body absorbs attacks. (AC +1, EV +1)


Message History

Adjust which spell? c - Dazzling Flash Adjust to which letter?
E - Dazzling Flash A wolf comes into view.
You see here a human corpse.
Casting: Searing Ray (safe; 1% risk of failure)
Confirm with . or Enter, or press ? or * to list all spells.
Aiming: Searing Ray (safe; 1% risk of failure)
Press: ? - help, Shift-Dir - straight line, f - wolf
Aim: a wolf (asleep)
The searing ray hits the wolf.
The wolf is heavily wounded.
The wolf howls! (Press . to maintain the ray.)
The searing ray misses the wolf.
The wolf bites you!
Ouch! That really hurt!
* * * LOW HITPOINT WARNING * * *
The wolf bites you!
You die...

▓...#......##
▓..##.......# .#
▓##.##.##...# .#
##.##.###..# ..#
▓#.####.##..# ...+
▓.###..##..##
#...# ▓#.....##..#
#....#
###..##†..##.....#
##..##....#@h....#
#..###..##.#.....#
#[.# #..#####....#
▓▓▓▓ ▓▓▓▓ ▓▓▓▓▓


You could see a wolf.

Vanquished Creatures
  A human (D)
  An ooze (D)
  3 rats (D)
5 creatures vanquished.

Notes
Turn   | Place    | Note
-------+----------+-------------------------------------------
     0 | D        | sahdkjhfkaj the Octopode Conjurer began the quest for the
                  | Orb.
     0 | D        | Reached XP level 1. HP: 11/11 MP: 3/3
    76 | D        | Reached skill level 5 in Conjurations
    95 | D        | Reached XP level 2. HP: 17/17 MP: 3/5
    99 | D        | Learned a level 2 spell: Searing Ray
   127 | D        | Reached skill level 6 in Conjurations
   127 | D        | Reached XP level 3. HP: 21/21 MP: 0/8
   187 | D        | Learned a level 3 spell: Dazzling Flash
   190 | D        | Slain by a wolf

Illustrated notes

Levels and vault maps discovered:
D:        dungeon_sprint_mu [sprint_mu_entry_cave, sprint_mu_temple_rooms,
          sprint_mu_d1_horrors, sprint_mu_d2_genie, sprint_mu_d3_branching,
          sprint_mu_orc_legion, sprint_mu_elf_gauntlet, sprint_mu_hive_nellie,
          sprint_mu_lair_fedhas, sprint_mu_vaults_butterflies,
          sprint_mu_slime_circle, sprint_mu_shoals_kraken,
          sprint_mu_snake_twists, sprint_mu_blade_basic,
          sprint_mu_crypt_fortress, sprint_mu_tomb_spiral,
          sprint_mu_vestibule_basic, sprint_mu_gehenna_hellfire,
          sprint_mu_dis_giant, sprint_mu_tartarus_statrot,
          sprint_mu_cocytus_islands, sprint_mu_zot1]

Skill      XL: |  1  2 |
---------------+-------+-----
Conjurations   | 5 6 |  6.2
Spellcasting   | 3 |  3.5
Dodging        | |  2.0
Stealth        | |  2.6

Action                   || total
-------------------------++-------
Melee: Unarmed           ||     6
       Constrict         ||     1
       Tentacles         ||     1
 Cast: Magic Dart        ||     6
       Searing Ray       ||     2
  Use: Potion            ||     1
Armor: Skin              ||     1
Dodge: Dodged            ||     4

Table legend: (Time is in decaauts)
 A = Elapsed time spent in this place.
 B = Non-inter-level travel time spent in this place.
 C = Inter-level travel time spent in this place.
 D = Time resting spent in this place.
 E = Time spent auto-exploring this place.
 F = Levels seen in this place.
 G = Mean time per level.
                   A        B        C        D        E       F      G
               +--------+--------+--------+--------+--------+-----+--------+
         Total |    201 |    201 |      0 |     76 |     82 |   1 |  201.0 |
       Dungeon |    201 |    201 |      0 |     76 |     82 |   1 |  201.0 |
               +--------+--------+--------+--------+--------+-----+--------+

Top non-repeatable levels by time:
       D: 201 daAuts
